 Dungeon Crawl Stone Soup version 0.21-a0-404-g291f19a (webtiles) character file.

58 tof the Chopper (level 3, 0/33 HPs)
             Began as a Minotaur Berserker on Oct 28, 2017.
             Was a Believer of Trog.
             Hit by a javelin thrown by a gnoll (3 damage)
             ... on level 2 of the Dungeon.
             The game lasted 00:01:37 (884 turns).

tof the Chopper (Minotaur Berserker)                 Turns: 884, Time: 00:01:37

Health: 0/33       AC:  2    Str: 22    XL:     3   Next: 75%
Magic:  2/2        EV: 12    Int:  4    God:    Trog [**....]
Gold:   46         SH:  0    Dex:  9    Spells: 2/2 levels left

rFire    . . .     SeeInvis .   m - +2 hand axe (freeze)
rCold    . . .     Gourm    .   (no shield)
rNeg     . . .     Faith    .   b - +0 animal skin
rPois    .         Spirit   .   (helmet restricted)
rElec    .         Reflect  .   (no cloak)
rCorr    .         Harm     .   (no gloves)
MR       .....                  (no boots)
Stlth    +.........             (no amulet)
HPRegen  0.11/turn              (no ring)
MPRegen  0.08/turn              (no ring)

@: no status effects
A: retaliatory headbutt, horns 2
a: Berserk, Trog's Hand, Burn Spellbooks, Renounce Religion


You were on level 2 of the Dungeon.
You worshipped Trog.
Trog was pleased with you.
You were not hungry.

You visited 1 branch of the dungeon, and saw 2 of its levels.

You collected 46 gold pieces.

Inventory:

Hand Weapons
 a - a +0 hand axe
 m - a +2 hand axe of freezing (weapon)
Armour
 b - a +0 animal skin (worn)
Scrolls
 f - a scroll of remove curse {unknown}
 g - a scroll of fog {unknown}
 j - a scroll of blinking {unknown}
 n - a scroll of teleportation {unknown}
Potions
 e - 2 potions of haste {unknown}
 h - a potion of might {unknown}
 k - 2 potions of heal wounds {unknown}
 l - a potion of lignification {unknown}
 o - a potion of flight {unknown}
Comestibles
 c - 2 bread rations
 d - a meat ration
 i - 2 fruits


   Skills:
 + Level 4.2 Fighting
 + Level 4.2 Axes
 + Level 3.2 Armour
 + Level 2.9 Dodging


You had 2 spell levels left.
You didn't know any spells.

Dungeon Overview and Level Annotations

Branches:
Dungeon (2/15)

Altars:


Innate Abilities, Weirdness & Mutations

You reflexively headbutt those who attack you in melee.
You have a pair of horns on your head.


Message History

You are too injured to fight recklessly!
There are monsters nearby!
You are too injured to fight recklessly!
There are monsters nearby!
You are too injured to fight recklessly!
There are monsters nearby!
You are too injured to fight recklessly!
There are monsters nearby!
You are too injured to fight recklessly!
There are monsters nearby!
You slash the gnoll! You freeze the gnoll. You headbutt the gnoll.
You kill the gnoll!
Trog accepts your kill.
The gnoll throws a javelin.
The javelin hits you!
The gnoll throws a stone.
The stone hits you.
* * * LOW HITPOINT WARNING * * *
The gnoll throws a javelin.
The javelin barely misses you. The gnoll hits you.
* * * LOW HITPOINT WARNING * * *
The gnoll throws a javelin.
The javelin hits you.
You die...

.......
#.......##
.......
#........#
......#
##.......#
....
#8#......#
#######†(#
# #####((#
#8#..((..#
##..)....#
#...@g...#
#.......##
#g.....##
#.....##
......##
......##
##++###


You could see 2 gnolls.

Vanquished Creatures
  2 gnolls (D:2)
  A dart slug (D:1)
  4 leopard geckos (D:1)
  3 bats
  4 giant cockroaches
  6 goblins
  2 hobgoblins (D:1)
  A ball python (D:1)
  6 kobolds
  3 rats (D:1)
32 creatures vanquished.

Notes
Turn   | Place    | Note
-------+----------+-------------------------------------------
     0 | D:1      | tof the Minotaur Berserker began the quest for the Orb.
     0 | D:1      | Reached XP level 1. HP: 19/19 MP: 0/0
   175 | D:1      | Reached XP level 2. HP: 27/27 MP: 1/1
   477 | D:1      | Reached XP level 3. HP: 33/33 MP: 2/2
   560 | D:1      | Reached ** piety under Trog
   884 | D:2      | Hit by a javelin thrown by a gnoll

Vault maps used:
D:1:      elethiomel_arrival_infinity_welcomes_careful_drivers
D:2:      serial_bayou, serial_bayou_shore_a, serial_bayou_ford_a,
          serial_bayou_pond_d, serial_bayou_pond_a, serial_bayou_lagoon_a,
          serial_bayou_pond_c, first_bread, kennysheep_cross_room, uniq_sigmund

Skill      XL: |  1  2 |
---------------+-------+-----
Axes           | 4 |  4.2
Fighting       | 4 |  4.2
Armour         | 3 |  3.2
Dodging        | |  2.9

Action                   || total
-------------------------++-------
Melee: Hand axe          ||    65
       Headbutt          ||    14
Armor: Animal skin       ||    12
Dodge: Dodged            ||    44

Table legend:
 A = Spawn XP
 B = Non-spawn XP
 C = Spawn XP percentage of total XP
 D = Spawn monster count
 E = Non-spawn monster count
 F = Spawn count percentage of total count
 G = Total turns spent on level
                    A         B        C        D         E        F      G
               +---------+---------+-------+---------+---------+-------+---------
         Total |       0 |      83 |   0.0 |       0 |      32 |   0.0 |   884
               +---------+---------+-------+---------+---------+-------+---------
           D:1 |       0 |      48 |   0.0 |       0 |      26 |   0.0 |   828
           D:2 |       0 |      35 |   0.0 |       0 |       6 |   0.0 |    56
               +---------+---------+-------+---------+---------+-------+---------
